 Dungeon Crawl Stone Soup version 0.15-a0-1174-g8389a64 (webtiles) character file.

498748 Infinimo the Cryomancer (level 22, -11/161 HPs)
             Began as a Demigod Conjurer on May 12, 2014.
             Blown up by an ancient lich (61 damage)
             ... with a wavering orb of destruction
             ... on Level 5 of the Vaults on May 31, 2014.
             The game lasted 06:03:27 (122858 turns).

Infinimo the Cryomancer (Demigod Conjurer)        Turns: 122858, Time: 06:03:27

HP -11/161       AC 18     Str 19      XL: 22   Next: 92%
MP  17/41        EV 18     Int 37      God:
Gold 6232        SH 16     Dex 16      Spells:  9 memorised,  1 level left

rFire  + . .     SeeInvis .     D - staff of conjuration
rCold  + + .     Clarity  +     P - +1 leather armour of Stihoh {rC+ Int+3}
rNeg   . . .     rCorr    .     o - +2 buckler {AC+3}
rPois  +         rRot     .     X - +0 helmet
rElec  +         Spirit   .     l - +2 cloak
SustAb .         Warding  .     r - +1 pair of gloves {Str+3}
rMut   .         Stasis   .     K - +0 pair of boots
Gourm  .                        W - amulet of clarity
MR     ++...                    F - +4 ring of intelligence
                                J - ring of poison resistance

@: resistant, marked, very slightly contaminated, hasted, deflect missiles,
drained, very quick, very resistant to hostile enchantments, unstealthy
A: iridescent scales 1, clumsy 1
a: no special abilities
}: 2/15 runes: serpentine, barnacled


You were on level 5 of the Vaults.
You were near starving.

You visited 8 branches of the dungeon, and saw 47 of its levels.
You also visited: Trove and Ossuary.

You collected 6805 gold pieces.
You spent 573 gold pieces at shops.

Inventory:

Hand weapons
 g - a +4,+2 whip of venom
Armour
 l - a +2 cloak (worn)
 o - a +2 buckler of protection (worn)
 r - a +1 pair of gloves of strength (worn)
 K - a +0 pair of boots (worn)
 P - the +1 leather armour of Stihoh (worn) {rC+ Int+3}
   (You found it on level 2 of the Lair of Beasts)

   It affects your intelligence (+3).
   It protects you from cold.
 X - a +0 helmet (worn)
Magical devices
 d - a wand of disintegration (13)
 j - a wand of heal wounds (7)
 M - a wand of digging (0)
Comestibles
 b - 7 bread rations
 w - 6 fruits
 A - a slice of pizza
Scrolls
 f - 5 scrolls of recharging
 h - 4 scrolls of fear
 k - 5 scrolls of magic mapping
 t - 4 scrolls of remove curse
 x - 9 scrolls of identify
 B - a scroll of fog
Jewellery
 a - an uncursed ring of see invisible
 C - an uncursed amulet of conservation
 F - a +4 ring of intelligence (right hand)
 J - a ring of poison resistance (left hand)
 L - an uncursed amulet of resist corrosion
 W - an amulet of clarity (around neck)
 Z - an uncursed ring of sustain abilities
Potions
 u - a potion of porridge
 z - 9 potions of curing
 G - 7 potions of restore abilities
 S - 4 potions of resistance
Books
 c - a book of Party Tricks

   Spells                             Type                      Level
   Summon Butterflies                 Summoning                    1
   Apportation                        Translocation                1
   Blink                              Translocation                2
   Tukima's Dance                     Hexes                        3
   Alistair's Intoxication            Transmutation/Poison         4
 e - a book of the Dragon

   Spells                             Type                      Level
   *Flight                            Charms/Air                   3
   Cause Fear                         Hexes                        4
   Bolt of Fire                       Conjuration/Fire             6
   Dragon Form                        Transmutation                7
   Dragon's Call                      Summoning                    9
 m - a book of Power

   Spells                             Type                      Level
   Fulminant Prism                    Conjuration/Hexes            4
   *Iskenderun's Mystic Blast         Conjuration                  4
   Venom Bolt                         Conjuration/Poison           5
   Bolt of Magma                      Conjuration/Fire/Earth       5
   Iron Shot                          Conjuration/Earth            6
   *Orb of Destruction                Conjuration                  7
 n - a book of Flames

   Spells                             Type                      Level
   Flame Tongue                       Conjuration/Fire             1
   Throw Flame                        Conjuration/Fire             2
   Conjure Flame                      Conjuration/Fire             3
   Inner Flame                        Hexes/Fire                   3
   Sticky Flame                       Conjuration/Fire             4
   Fireball                           Conjuration/Fire             5
 q - a book of Ice

   Spells                             Type                      Level
   Metabolic Englaciation             Hexes/Ice                    5
   Ozocubu's Refrigeration            Ice                          6
   *Bolt of Cold                      Conjuration/Ice              6
   *Freezing Cloud                    Conjuration/Ice/Air          6
   Simulacrum                         Ice/Necromancy               6
 I - a book of Air

   Spells                             Type                      Level
   Shock                              Conjuration/Air              1
   Swiftness                          Charms/Air                   2
   Repel Missiles                     Charms/Air                   2
   *Flight                            Charms/Air                   3
   Static Discharge                   Conjuration/Air              3
   Lightning Bolt                     Conjuration/Air              5
 Q - a book of Changes

   Spells                             Type                      Level
   Beastly Appendage                  Transmutation                1
   Sticks to Snakes                   Transmutation                2
   Spider Form                        Transmutation/Poison         3
   Ice Form                           Ice/Transmutation            4
   Blade Hands                        Transmutation                5
 U - a book of the Sky

   Spells                             Type                      Level
   *Flight                            Charms/Air                   3
   Airstrike                          Air                          4
   Silence                            Hexes/Air                    5
   *Deflect Missiles                  Charms/Air                   6
   Conjure Ball Lightning             Conjuration/Air              6
   Tornado                            Air                          9
Magical staves
 s - an uncursed staff of death {unknown}
 D - an uncursed staff of conjuration (weapon)
Miscellaneous
 H - a crystal ball of energy


   Skills:
 - Level 6.2(5.9) Fighting
 - Level 0.1(0.0) Armour
 - Level 10.1(9.7) Dodging
 - Level 1.7(1.4) Stealth
 - Level 7.1(6.7) Shields
 - Level 12.3(11.9) Spellcasting
 + Level 20.2(19.8) Conjurations
 - Level 12.0(11.6) Charms
 - Level 23.3(22.8) Ice Magic
 - Level 11.3(11.0) Air Magic


You had one spell level left.
You knew the following spells:

 Your Spells              Type           Power        Failure   Level  Hunger
a - Magic Dart            Conj           ####         0%          1    None
b - Iskenderun's Mystic   Conj           ########     0%          4    None
c - Iskenderun's Battles  Conj/Chrm      ########     1%          5    None
d - Haste                 Chrm           #######.     2%          6    ###....
e - Bolt of Cold          Conj/Ice       ########..   1%          6    ###....
f - Flight                Chrm/Air       #######...   1%          3    None
g - Deflect Missiles      Chrm/Air       #######...   2%          6    ###....
h - Freezing Cloud        Conj/Ice/Air   ########..   1%          6    ###....
i - Orb of Destruction    Conj           ########..   1%          7    #####..


Dungeon Overview and Level Annotations

Branches:
Dungeon (15/15)            Temple (0/1) D:5             Orc (4/4) D:12
    Elf (0/3) Orc:3          Lair (8/8) D:10         Shoals (5/5) Lair:5
  Snake (5/5) Lair:5        Slime (0/6) Lair:7       Vaults (5/5) D:14
  Blade (0/1) Vaults:4      Crypt (1/3) Vaults:3     Depths (4/5) D:15

Shops:
D:7 ?[   D:12 (   Orc:3 *   Orc:4 !*(*   Shoals:2 [   Shoals:3 *   Vaults:2 %

Portals:
Hell: Depths:1 Depths:2 Depths:3 Depths:4
Abyss: Depths:4
Pandemonium: Depths:3
Ziggurat: Depths:3

Annotations:
D:4 braverobin's ghost, experienced VSDK
Crypt:1 Mennas


Innate Abilities, Weirdness & Mutations

You are partially covered in iridescent scales (AC +4).
You are clumsy. (Dex -2)


Message History

Evoke which item? (* to show all) (? for menu, Esc to quit)
Zapping:
j - a wand of heal wounds (8)
Press: ? - help, Shift-Dir - straight line, f - you You feel much better.
This wand has 7 charges left.
The stone giant throws a large rock.
You block the large rock.
A sphinx comes into view.
The stone giant throws a large rock.
You block the large rock.
The blizzard demon waves its arms in wide circles.
The air twists around and strikes you!
A deep troll comes into view.
You see here a large rock.
You block the deep troll's attack. The deep troll claws you.
You hear some strange, mumbled words.
The stone giant hits you!
A golden dragon and an ironheart preserver come into view. 2 deep trolls come into view.
You block the vault guard's attack.
The stone giant throws a large rock.
You deflect the large rock!
The large rock hits the deep troll.
The wavering orb of destruction hits you!
You die...

#.. #..#.... #..#...
#..#.TT #..#.Q #...p.
#...C################
#..TT.(C1.ppQ2L2.*.*.
#...@..p.p.OD....Q..c
#..ยง.pC..p.(..c..ce.(
#...H.......C........
#...D################
#..... #..#.. #..#..
#..#... #..


You could see 2 golden dragons, a Brimstone Fiend, a fire giant, a sphinx, 2
stone giants, 2 tengu reavers, an ironheart preserver, 5 vault guards, 4 deep
trolls, a vault sentinel and an ogre.

Vanquished Creatures
  An ancient lich (Depths:3)
  Margery (Vaults:3)
  Norris (Depths:3)
  Jory (Depths:3)
  A golden dragon (Depths:3)
  Nikola (Snake:1)
  Vashnia (Snake:5)
  A titan (Depths:3)
  A quicksilver dragon (Depths:3)
  A Shadow Fiend (Depths:2)
  A sphinx (Vaults:2)
  A kraken (Shoals:2)
  Rupert (Lair:5)
  A storm dragon (Depths:3)
  2 tengu reavers
  Roxanne (Shoals:4)
  4 shadow dragons
  Ilsuiw (Shoals:5)
  11 greater nagas
  Donald (Orc:4)
  A deep elf sorcerer (Vaults:3)
  Wiglaf (Snake:2)
  Maud (Depths:2)
  7 fire giants
  9 frost giants
  2 iron dragons
  Aizul (Snake:1)
  3 emperor scorpions
  9 vault wardens
  Jorgrun (Snake:4)
  A large abomination (D:14)
  A spriggan defender (Depths:3)
  A deep elf demonologist (Vaults:3)
  17 stone giants
  Azrael (Snake:3)
  2 dire elephants
  The ghost of Bloax the Unseen, a powerful VSBe of Trog (Lair:7)
  2 vampire knights
  13 vault guards
  2 jiangshi (Crypt:1)
  8 merfolk javelineers (Shoals:5)
  10 ettins
  Snorg (Snake:1)
  An eidolon (Depths:2)
  15 merfolk impalers
  6 fire dragons
  4 great orbs of eyes
  2 sirens
  Josephine (D:13)
  18 yaktaur captains
  7 rakshasas
  10 ironheart preservers
  2 deep elf death magi (Vaults:1)
  A ravenous item mimic (Lair:8)
  7 ice dragons
  A quicksilver dragon skeleton (Depths:4)
  20 naga warriors
  Nessos (Snake:1)
  5 spriggan air magi
  Erica (D:10)
  22 ogre magi
  8 hydras
  7 deep troll earth magi
  9 merfolk aquamancers
  6 dancing weapons
  19 death yaks
  14 anacondas
  3 deep troll shamans
  5 satyrs
  20 shock serpents
  5 tengu warriors
  28 naga sharpshooters
  Urug (Orc:2)
  3 spriggan berserkers
  An orc high priest (Orc:3)
  13 centaur warriors
  Nergalle (D:12)
  3 fire crabs
  5 hell knights (Vaults:3)
  7 shadow wraiths
  2 titan skeletons (Depths:4)
  5 deep elf knights
  3 salamander mystics (Snake:5)
  11 skeletal warriors
  3 soul eaters (Depths:2)
  3 flayed ghosts
  3 iron trolls
  26 deep trolls
  6 very ugly things
  2 storm dragon skeletons
  An orb spider (shapeshifter) (Depths:2)
  4 unseen horrors (Vaults:1)
  A spectral anaconda (Depths:2)
  7 giant orange brains
  A deep elf summoner (Depths:3)
  A lindwurm (shapeshifter) (Vaults:4)
  A spectral hydra (Depths:1)
  30 harpies
  13 sea snakes
  3 golden dragon skeletons
  7 naga ritualists
  10 hill giants
  14 orc knights
  17 ironbrand convokers
  11 water nymphs
  3 tengu zombies
  2 shadow dragon zombies
  A hill giant (shapeshifter) (Vaults:2)
  A sphinx zombie (Depths:1)
  Joseph (Orc:4)
  2 deep elf conjurers (Depths:1)
  10 wolf spiders
  11 necromancers
  13 mana vipers
  2 oklob plants
  18 salamanders
  2 shadow dragon skeletons (Depths:4)
  A tengu skeleton (Vaults:3)
  A frost giant zombie (Depths:3)
  17 manticores
  A fire giant zombie (Crypt:1)
  2 salamanders (shapeshifter)
  6 cyclopes
  2 sphinx skeletons (Depths:4)
  3 phantasmal warriors
  2 red wasps
  19 fauns
  A draconian (shapeshifter) (Depths:1)
  A mana viper (shapeshifter) (Vaults:4)
  19 griffons
  4 wizards
  2 fire giant skeletons (Depths:4)
  A frost giant skeleton (Depths:1)
  2 drowned souls (Shoals:4)
  12 mermaids
  Maurice (D:11)
  An elf zombie (Depths:4)
  A gargoyle (D:15)
  39 naga magi
  14 elephants
  16 spiny frogs
  2 orange crystal statues (Depths:2)
  9 guardian serpents
  2 elf skeletons (Depths:4)
  Psyche (D:13)
  59 black mambas
  20 vault sentinels
  A feature mimic (Lair:1)
  A storm dragon simulacrum (Vaults:3)
  13 komodo dragons
  An efreet (D:13)
  5 fire drakes
  9 kobold demonologists
  A red devil (Depths:1)
  3 spectral merfolk
  5 deep elf priests
  73 yaktaurs
  2 centaur skeletons
  2 tengu conjurers (Depths:3)
  49 merfolk
  2 spriggan skeletons
  2 giant fireflies (Depths:3)
  A polar bear (shapeshifter) (Vaults:1)
  2 polar bears
  A raiju (shapeshifter) (D:14)
  13 trolls
  Sonja (D:11)
  6 freezing wraiths
  2 hydra skeletons (Crypt:1)
  A blink frog (shapeshifter) (Depths:3)
  6 boulder beetles
  48 two-headed ogres
  A deep troll zombie (Depths:1)
  4 wind drakes
  14 ravens
  3 raiju (Depths:2)
  4 basilisks
  A redback (Vaults:3)
  21 slime creatures
  4 deep elf magi
  A frost giant simulacrum (Depths:3)
  9 boggarts
  A fire dragon skeleton (D:15)
  2 basilisks (shapeshifter)
  A fire dragon zombie (Depths:1)
  An ettin zombie (Vaults:3)
  8 blink frogs
  12 wraiths
  16 snapping turtles
  2 tarantellas (shapeshifter)
  3 wyverns
  8 flying skulls (Depths:4)
  6 shadows
  12 air elementals
  A formicid (shapeshifter) (Vaults:1)
  A human skeleton (Vaults:1)
  A hill giant zombie (D:13)
  3 spriggans
  An ettin skeleton (Crypt:1)
  26 water elementals
  4 vampires
  Eustachio (D:10)
  2 elephant slugs
  2 humans (shapeshifter)
  64 yaks
  67 ugly things
  A spriggan (shapeshifter) (Vaults:4)
  15 vampire mosquitoes
  7 sharks
  3 steam dragons
  75 nagas
  4 fire elementals (Snake:3)
  9 hippogriffs
  2 hungry ghosts
  A hill giant skeleton (D:13)
  12 deep elf fighters
  25 wolves
  3 human zombies
  45 water moccasins
  10 wargs
  2 mottled dragons
  8 porcupines
  2 spectral spriggans (Depths:2)
  3 swamp worms (Lair:1)
  3 swamp drakes (Lair:8)
  10 hell hounds
  2 spectral trolls (Depths:2)
  5 sky beasts
  8 necrophages
  A fire dragon simulacrum (Crypt:1)
  26 orc warriors
  A hydra simulacrum (Depths:2)
  3 black bears
  76 ogres
  2 ice beasts
  A snapping turtle zombie (Depths:2)
  6 spiders (Lair:8)
  3 phantoms
  A manticore skeleton (D:12)
  4 yellow wasps
  2 boring beetles (Lair:7)
  A brain worm (shapeshifter) (Vaults:4)
  Sigmund (D:6)
  24 centaurs
  A komodo dragon zombie (D:13)
  A lost soul (Vaults:1)
  16 giant slugs
  18 giant frogs
  7 big kobolds
  15 crocodiles
  A brain worm (Lair:7)
  A glowing shapeshifter simulacrum (Depths:4)
  A yaktaur skeleton (Vaults:1)
  4 insubstantial wisps (Depths:1)
  A komodo dragon skeleton (D:13)
  2 spectral ogres (Depths:2)
  7 scorpions
  4 spectral nagas (Depths:2)
  12 wights
  2 eyes of draining
  20 killer bees
  A yak zombie (D:7)
  A troll skeleton (D:12)
  2 spectral centaurs (Depths:2)
  2 electric eels
  A big fish (Lair:1)
  6 crimson imps
  A soldier ant zombie (D:11)
  16 hounds
  7 jellies
  25 orc wizards
  A basilisk zombie (D:15)
  A giant frog skeleton (D:13)
  A basilisk skeleton (D:13)
  Natasha (thrice) (D:5)
  24 orc priests
  A troll simulacrum (Depths:2)
  16 worker ants
  An orange rat (Depths:3)
  10 iguanas
  20 sheep
  A spriggan simulacrum (Depths:2)
  5 yak simulacra (Lair:8)
  2 polar bear simulacra (Lair:8)
  3 big kobold zombies
  4 wolf simulacra (Lair:8)
  A sky beast zombie (D:12)
  2 elf simulacra
  A kobold simulacrum (D:13)
  11 mummies
  9 gnolls
  76 green rats
  4 shadow imps
  13 white imps
  26 adders
  3 giant mites
  7 worms
  An iguana skeleton (D:6)
  3 orc zombies
  2 adder zombies
  3 orc skeletons
  8 giant geckos
  An ooze (D:5)
  163 orcs
  A bat skeleton (D:4)
  2 giant cockroaches
  3 gnoll zombies (Ossuary)
  14 hobgoblins
  24 kobolds
  14 quokkas
  3 ball pythons
  13 bats
  3 giant newts
  7 giant spores
  25 goblins
  A goblin skeleton (D:4)
  A goblin zombie (D:5)
  3 hobgoblin zombies
  27 jackals
  A kobold zombie (Ossuary)
  A quokka zombie (D:7)
  20 rats
  10 ballistomycetes
  A plant (Lair:2)
  A tentacle (Shoals:2)
2664 creatures vanquished.

Vanquished Creatures (collateral kills)
  A water moccasin (Lair:3)
  4 jackals (Lair:3)
5 creatures vanquished.

Vanquished Creatures (others)
  A rakshasa (Depths:4)
  3 drowned souls
  A yaktaur (Vaults:1)
  A boulder beetle (Lair:7)
  A human simulacrum (Vaults:1)
  A wolf (Depths:2)
  A hippogriff (Lair:7)
  2 orc warriors
  An ogre (Vaults:4)
  A goliath beetle (Lair:7)
  A white imp (Shoals:5)
  An orc (D:12)
  2 bushes (Lair:3)
  20 fungi
  42 plants
  4 tentacles (Shoals:2)
  10 tentacle segments (Shoals:2)
93 creatures vanquished.

Grand Total: 2762 creatures vanquished

Notes
Turn   | Place    | Note
--------------------------------------------------------------
     0 | D:1      | Infinimo, the Demigod Conjurer, began the quest for the Orb.
     0 | D:1      | Reached XP level 1. HP: 14/14 MP: 3/3
   502 | D:1      | Reached skill level 4 in Conjurations
   502 | D:1      | Reached XP level 2. HP: 20/20 MP: 2/4
  1298 | D:2      | Reached XP level 3. HP: 26/26 MP: 4/8
  1633 | D:2      | Gained mutation: Your body is slowly deteriorating. [potion of mutation]
  1633 | D:2      | Gained mutation: Your muscles are strong. (Str +2) [potion of mutation]
  1633 | D:2      | Gained mutation: You are partially covered in iridescent scales (AC +4). [potion of mutation]
  1634 | D:2      | Gained mutation: You have a pair of small horns on your head. [potion of mutation]
  1634 | D:2      | Gained mutation: You are frail (-10% HP). [potion of mutation]
  2392 | D:3      | Reached XP level 4. HP: 26/29 MP: 1/11
  2792 | D:3      | Reached skill level 5 in Conjurations
  2808 | D:3      | Learned a level 4 spell: Iskenderun's Mystic Blast
  2994 | D:4      | Lost mutation: Your body is slowly deteriorating. [potion of cure mutation]
  2994 | D:4      | Lost mutation: Your muscles are strong. (Str +2) [potion of cure mutation]
  2994 | D:4      | Lost mutation: You are frail (-10% HP). [potion of cure mutation]
  2994 | D:4      | Lost mutation: You have a pair of small horns on your head. [potion of cure mutation]
  3301 | D:4      | Reached XP level 5. HP: 38/38 MP: 10/13
  3574 | D:4      | Noticed braverobin's ghost (experienced VSDK)
  4696 | D:5      | Entered Level 5 of the Dungeon
  4986 | D:5      | Found a burning altar of Makhleb.
  5072 | D:5      | Noticed Natasha
  5076 | D:5      | Killed Natasha
  5076 | D:5      | Reached skill level 6 in Conjurations
  5099 | D:5      | Reached XP level 6. HP: 27/45 MP: 1/17
  5259 | D:5      | Noticed a sky beast
  5271 | D:5      | Killed a sky beast
  5335 | D:5      | Learned a level 5 spell: Iskenderun's Battlesphere
  5347 | D:5      | Noticed a sky beast
  5501 | D:3      | Killed a sky beast
  5501 | D:3      | Reached skill level 1 in Charms
  5787 | D:5      | Reached XP level 7. HP: 45/50 MP: 1/19
  6062 | D:5      | Noticed Natasha
  6069 | D:5      | Killed Natasha
  6529 | D:5      | Found a staircase to the Ecumenical Temple.
  6616 | D:5      | Noticed Natasha
  6617 | D:5      | Killed Natasha
  6731 | D:5      | Reached skill level 7 in Conjurations
  7854 | D:6      | Reached skill level 5 in Charms
  7854 | D:6      | Reached XP level 8. HP: 53/57 MP: 13/20
  8164 | D:6      | Noticed Sigmund
  8174 | D:6      | Killed Sigmund
  8331 | D:6      | Reached skill level 8 in Conjurations
  8495 | D:7      | Found Blanaijaw's Magic Scroll Emporium.
  8500 | D:7      | Bought 2 scrolls of blinking for 165 gold pieces
  9145 | D:8      | Found a sand-covered staircase.
  9213 | Ossuary  | Entered an ossuary
  9416 | Ossuary  | Reached skill level 9 in Conjurations
  9796 | D:8      | Reached skill level 5 in Spellcasting
  9972 | D:8      | Reached XP level 9. HP: 62/62 MP: 13/24
 10176 | D:8      | Found a white marble altar of Elyvilon.
 10725 | D:9      | Reached skill level 10 in Conjurations
 11730 | D:10     | Entered Level 10 of the Dungeon
 11755 | D:10     | Found a portal to a secret trove of treasure.
 12019 | D:10     | Noticed a kobold demonologist
 12223 | D:10     | Noticed Eustachio
 12228 | D:10     | Killed Eustachio
 12234 | D:10     | Found a staircase to the Lair.
 12241 | D:10     | Noticed Erica
 12251 | D:10     | Killed Erica
 12251 | D:10     | Reached skill level 11 in Conjurations
 12251 | D:10     | Reached XP level 10. HP: 50/69 MP: 2/27
 12544 | D:10     | Noticed a kobold demonologist
 12546 | D:10     | Killed a kobold demonologist
 12570 | D:10     | Killed a kobold demonologist
 13181 | Lair:1   | Entered Level 1 of the Lair of Beasts
 13420 | Lair:1   | Reached skill level 12 in Conjurations
 13573 | Lair:1   | Reached skill level 1 in Fighting
 15211 | Lair:2   | Reached XP level 11. HP: 81/81 MP: 17/29
 16636 | Lair:2   | Reached skill level 13 in Conjurations
 17105 | Lair:2   | Noticed an oklob plant
 17290 | Lair:2   | Killed an oklob plant
 17817 | Lair:2   | Upgraded the game from 0.15-a0-756-g319e367 to 0.15-a0-834-gd31242b
 18124 | Lair:3   | Noticed Rupert
 18132 | Lair:3   | Paralysed by Rupert for 4 turns
 18184 | Lair:2   | Noticed an eight-headed hydra
 18190 | Lair:2   | Killed an eight-headed hydra
 18498 | Lair:3   | Reached skill level 5 in Fighting
 18679 | Lair:3   | Noticed a death yak
 18681 | Lair:3   | Noticed a death yak
 18682 | Lair:3   | Noticed a death yak
 18682 | Lair:3   | Noticed a death yak
 18710 | Lair:3   | Killed a death yak
 18847 | Lair:3   | Noticed an eight-headed hydra
 18852 | Lair:3   | Killed an eight-headed hydra
 18957 | Lair:3   | Killed a death yak
 19103 | Lair:3   | Noticed a death yak
 19104 | Lair:3   | Noticed a death yak
 19254 | Lair:2   | Got an encrusted leather armour
 19261 | Lair:2   | Identified the +1 leather armour of Stihoh {rC+ Int+3} (You found it on level 2 of the Lair of Beasts)
 19815 | Lair:3   | Killed a death yak
 19815 | Lair:3   | Reached XP level 12. HP: 95/95 MP: 14/31
 19951 | Lair:3   | Killed a death yak
 20062 | Lair:4   | Noticed a six-headed hydra
 20124 | Lair:4   | Killed a six-headed hydra
 20418 | Lair:4   | Learned a level 6 spell: Haste
 20815 | Lair:4   | Noticed an eight-headed hydra
 20819 | Lair:4   | Killed an eight-headed hydra
 21102 | Lair:5   | Learned a level 6 spell: Bolt of Cold
 21212 | Lair:5   | Noticed a seven-headed hydra
 21216 | Lair:5   | Killed a seven-headed hydra
 21250 | Lair:5   | Found an iron altar of Okawaru.
 21356 | Lair:5   | Reached skill level 14 in Conjurations
 21422 | Lair:5   | Killed Rupert
 21422 | Lair:5   | Reached skill level 1 in Ice Magic
 21574 | Lair:5   | Found a staircase to the Shoals.
 21650 | Lair:5   | Reached skill level 10 in Charms
 21958 | Lair:5   | Found a staircase to the Snake Pit.
 23161 | Lair:6   | Reached XP level 13. HP: 99/102 MP: 23/31
 23378 | Lair:6   | Noticed a seven-headed hydra
 23388 | Lair:6   | Killed a seven-headed hydra
 24724 | Lair:7   | Noticed Bloax's ghost (powerful VSBe)
 24732 | Lair:6   | Reached skill level 5 in Ice Magic
 24896 | Lair:7   | Killed Bloax's ghost
 25335 | Lair:7   | Learned a level 3 spell: Flight
 25348 | Lair:7   | Found a staircase to the Slime Pits.
 25449 | Lair:7   | Found a deep blue altar of Sif Muna.
 25602 | Lair:8   | Entered Level 8 of the Lair of Beasts
 25602 | Lair:8   | Found a glowing golden altar of the Shining One.
 28397 | Lair:8   | Reached XP level 14. HP: 105/110 MP: 19/32
 28551 | Lair:8   | Reached skill level 10 in Ice Magic
 31094 | Lair:8   | Upgraded the game from 0.15-a0-834-gd31242b to 0.15-a0-885-g3d1b40c
 32613 | D:11     | Noticed Sonja
 32616 | D:11     | Killed Sonja
 33115 | D:11     | Noticed Maurice
 33120 | D:11     | Killed Maurice
 33347 | D:11     | Reached skill level 10 in Spellcasting
 33618 | D:11     | Reached skill level 1 in Air Magic
 33890 | D:11     | Learned a level 6 spell: Deflect Missiles
 33998 | D:12     | Reached skill level 1 in Shields
 34450 | D:12     | Found Shrelli's Weapon Boutique.
 34453 | D:12     | Found a staircase to the Orcish Mines.
 34667 | D:12     | Noticed Nergalle
 34671 | D:12     | Killed Nergalle
 35091 | Orc:1    | Entered Level 1 of the Orcish Mines
 36046 | Orc:2    | Found a roughly hewn altar of Beogh.
 36216 | Orc:2    | Noticed Urug
 36226 | Orc:2    | Killed Urug
 36348 | Orc:3    | Found Vezxonk's General Store.
 36916 | Orc:3    | Found a staircase to the Elven Halls.
 36935 | Orc:3    | Reached skill level 5 in Shields
 37617 | Orc:4    | Entered Level 4 of the Orcish Mines
 38006 | Orc:4    | Found a roughly hewn altar of Beogh.
 38017 | Orc:4    | Noticed Donald
 38048 | Orc:4    | Killed Donald
 38444 | Orc:4    | Reached skill level 5 in Air Magic
 38662 | Orc:4    | Reached XP level 15. HP: 115/115 MP: 24/35
 38843 | Orc:4    | Found Siuplics' General Store.
 38843 | Orc:4    | Found Tootiopn's Antique Weapon Emporium.
 38844 | Orc:4    | Found Thiser's General Store.
 38844 | Orc:4    | Found Orakh's Distillery.
 39052 | Orc:4    | Noticed Joseph
 39058 | Orc:4    | Killed Joseph
 39575 | D:13     | Noticed Psyche
 39577 | D:13     | Killed Psyche
 40172 | D:13     | Noticed Josephine
 40177 | D:13     | Killed Josephine
 41506 | D:13     | Upgraded the game from 0.15-a0-885-g3d1b40c to 0.15-a0-935-g62ff1c1
 42441 | D:14     | Found a gate to the Vaults.
 42860 | D:15     | Entered Level 15 of the Dungeon
 44718 | D:15     | Found a staircase to the Depths.
 45141 | D:15     | Reached skill level 5 in Dodging
 46128 | Snake:1  | Entered Level 1 of the Snake Pit
 46420 | Snake:1  | Noticed Nessos
 46424 | Snake:1  | Killed Nessos
 47064 | Snake:1  | Noticed Snorg
 47072 | Snake:1  | Killed Snorg
 47569 | Snake:1  | Noticed Aizul
 47578 | Snake:1  | Killed Aizul
 48496 | Snake:1  | Noticed Nikola
 48518 | Snake:1  | Killed Nikola
 48730 | Snake:1  | Reached XP level 16. HP: 123/123 MP: 23/36
 50475 | Snake:2  | Noticed Wiglaf
 50480 | Snake:2  | Killed Wiglaf
 50480 | Snake:2  | Reached skill level 10 in Dodging
 50671 | Snake:2  | Upgraded the game from 0.15-a0-935-g62ff1c1 to 0.15-a0-963-gb693d2a
 50986 | Snake:2  | Learned a level 6 spell: Freezing Cloud
 52087 | Snake:3  | Noticed Azrael
 52096 | Snake:3  | Killed Azrael
 54254 | Snake:3  | Found a glowing silver altar of Zin.
 55057 | Snake:3  | Got a fine ring mail
 55067 | Snake:3  | Identified the +5 ring mail "Osiel" {Dex+3 Acc+4} (You found it on level 3 of the Snake Pit)
 55500 | Snake:3  | Reached skill level 10 in Air Magic
 57533 | Snake:3  | Got a warped golden ring
 57559 | Snake:3  | Identified the ring "Schef" {+Inv rC- MR+} (You took it off a greater naga on level 3 of the Snake Pit)
 58025 | Snake:3  | Reached XP level 17. HP: 128/128 MP: 4/37
 58598 | Snake:4  | Noticed Jorgrun
 58605 | Snake:4  | Killed Jorgrun
 59763 | Snake:2  | Identified a scroll of acquirement
 60259 | Orc:3    | Bought a scroll of identify for 26 gold pieces
 60498 | D:7      | Found Psaezuc's Armour Shoppe.
 60971 | D:7      | Bought a scroll of identify for 22 gold pieces
 60971 | D:7      | Bought a scroll of identify for 22 gold pieces
 61066 | D:10     | You paid a toll of 19 scrolls of identify to enter a treasure trove
 61067 | Trove    | Entered a treasure trove
 61104 | Trove    | Got a smoking graven amulet
 61106 | Trove    | Identified the amulet "Lanwu" {Spirit rElec MR+ Stlth-} (You found it in a treasure trove)
 61451 | Shoals:1 | Entered Level 1 of the Shoals
 62358 | Shoals:1 | Upgraded the game from 0.15-a0-963-gb693d2a to 0.15-a0-1029-ge69a1e2
 63661 | Shoals:2 | Found a glowing silver altar of Zin.
 63929 | Shoals:2 | Found Joduah's Antique Armour Shop.
 64241 | Shoals:2 | Bought a jet-encrusted leather armour for 161 gold pieces
 64241 | Shoals:2 | Bought a slimy leather armour for 161 gold pieces
 64241 | Shoals:2 | Bought a runed robe for 16 gold pieces
 64263 | Shoals:1 | Identified the cursed -2 leather armour "Dauvaig" {Dex-2 Int+4} (You bought it in a shop on level 2 of the Shoals)
 64294 | Shoals:2 | Identified the +2 leather armour of Boredom {+Blink +Fly rPois Dam-3} (You bought it in a shop on level 2 of the Shoals)
 64758 | Shoals:3 | Found Vait's General Store.
 65208 | Shoals:3 | Found a glowing golden altar of the Shining One.
 66376 | Shoals:4 | Noticed Roxanne
 66391 | Shoals:4 | Killed Roxanne
 66395 | Shoals:4 | Identified Roxanne's Almanac of Earthen Transformation (You took it off Roxanne on level 4 of the Shoals)
 67449 | Shoals:5 | Entered Level 5 of the Shoals
 69196 | Shoals:5 | Reached XP level 18. HP: 135/135 MP: 27/38
 69807 | Shoals:5 | Reached skill level 15 in Ice Magic
 70190 | Shoals:5 | Noticed Ilsuiw
 70438 | Shoals:5 | Killed Ilsuiw
 72030 | Shoals:5 | Reached skill level 16 in Ice Magic
 72253 | Shoals:5 | Got a steaming plate armour
 72254 | Shoals:5 | Identified the +7 plate armour of Ninyodao {rPois rC+ rN+} (You took it off a merfolk on level 5 of the Shoals)
 73797 | Shoals:5 | Got a barnacled rune of Zot
 74420 | Snake:5  | Entered Level 5 of the Snake Pit
 74420 | Snake:5  | Noticed Vashnia
 74654 | Snake:5  | Reached skill level 17 in Ice Magic
 77579 | Snake:5  | Reached skill level 18 in Ice Magic
 77721 | Snake:5  | Reached XP level 19. HP: 79/141 MP: 16/39
 79533 | Snake:5  | Killed Vashnia
 79798 | Snake:5  | Got a serpentine rune of Zot
 80351 | Snake:1  | Upgraded the game from 0.15-a0-1029-ge69a1e2 to 0.15-a0-1081-gb32516e
 80744 | Vaults:1 | Entered Level 1 of the Vaults
 81250 | Vaults:1 | Reached skill level 19 in Ice Magic
 84138 | Vaults:1 | Reached skill level 20 in Ice Magic
 85645 | Vaults:2 | Found Kykkuyna's Food Boutique.
 86801 | Vaults:2 | Reached XP level 20. HP: 145/148 MP: 29/39
 87962 | Vaults:2 | Reached skill level 21 in Ice Magic
 88451 | Vaults:3 | Noticed Margery
 88836 | Vaults:3 | Killed Margery
 89013 | Vaults:2 | Got a pitted broad axe
 89014 | Vaults:2 | Identified the +6,+2 broad axe of the Solstice {freeze, rElec Str+3 Dex+2} (You found it on level 2 of the Vaults)
 91070 | Vaults:3 | Found a staircase to the Crypt.
 91070 | Vaults:3 | Found a basalt altar of Yredelemnul.
 91071 | Vaults:3 | Found an ancient bone altar of Kikubaaqudgha.
 92157 | Vaults:3 | Reached skill level 22 in Ice Magic
 94079 | Vaults:4 | Found a staircase to the Hall of Blades.
 97997 | Crypt:1  | Entered Level 1 of the Crypt
 98206 | Crypt:1  | Reached XP level 21. HP: 147/155 MP: 24/40
 98391 | Crypt:1  | Reached skill level 23 in Ice Magic
 98723 | Crypt:1  | Noticed Mennas
 98851 | Vaults:3 | Gained mutation: You are clumsy. (Dex -2) [mutagenic glow]
 99446 | Depths:1 | Entered Level 1 of the Depths
100435 | Depths:1 | Found a gateway to Hell.
100533 | Depths:1 | Upgraded the game from 0.15-a0-1081-gb32516e to 0.15-a0-1119-g9b3a599
103667 | Depths:2 | Reached skill level 15 in Conjurations
107498 | Depths:2 | Identified Sif Muna's Collected Works on Good Luck
109097 | Depths:2 | Noticed Maud
109163 | Depths:2 | Killed Maud
109172 | Depths:2 | Got a crude dire flail
109178 | Depths:2 | Identified the +5,+8 dire flail of Mafus {flame, rF++ MR++} (You found it on level 2 of the Depths)
110081 | Depths:3 | Noticed Jory
110728 | Depths:3 | Noticed Norris
110731 | Depths:3 | Killed Norris
110731 | Depths:3 | Reached XP level 22. HP: 161/161 MP: 7/41
112467 | Depths:3 | Found a gateway to a ziggurat.
112582 | Depths:3 | Found a one-way gate leading to the halls of Pandemonium.
113629 | Depths:3 | Upgraded the game from 0.15-a0-1119-g9b3a599 to 0.15-a0-1174-g8389a64
114216 | Depths:3 | Noticed an ancient lich
114721 | Depths:3 | Killed an ancient lich
115022 | Depths:3 | Killed Jory
117001 | Depths:4 | Learned a level 7 spell: Orb of Destruction
118710 | Depths:4 | Found a one-way gate to the infinite horrors of the Abyss.
121533 | Vaults:5 | Entered Level 5 of the Vaults
122840 | Vaults:5 | Paralysed by a lich for 4 turns
122853 | Vaults:5 | Noticed an ancient lich
122858 | Vaults:5 | Blown up by an ancient lich

Action                   |  1- 3 |  4- 6 |  7- 9 | 10-12 | 13-15 | 16-18 | 19-21 | 22-24 || total
-------------------------+-------+-------+-------+-------+-------+-------+-------+-------++-------
Melee: Unarmed           |     8 |       |       |       |       |       |       |       ||     8
       Whip              |     7 |    14 |    65 |    28 |    77 |    10 |    62 |    27 ||   290
       Staff             |       |       |       |       |       |    11 |     8 |     9 ||    28
 Cast: Magic Dart        |    78 |   170 |   420 |   832 |  1853 |  1726 |  2081 |   435 ||  7595
       Iskenderun's Myst |       |    15 |    16 |    28 |    45 |    13 |   126 |   173 ||   416
       Iskenderun's Batt |       |       |    26 |   124 |   322 |   353 |   384 |   115 ||  1324
       Haste             |       |       |       |     1 |     3 |     9 |     8 |    12 ||    33
       Bolt of Cold      |       |       |       |       |    62 |   155 |   216 |    56 ||   489
       Freezing Cloud    |       |       |       |       |       |     7 |    16 |     4 ||    27
       Deflect Missiles  |       |       |       |       |       |     5 |     2 |     2 ||     9
       Flight            |       |       |       |       |       |     5 |    31 |     1 ||    37
       Orb of Destructio |       |       |       |       |       |       |       |    17 ||    17
Evoke: Wand              |       |     1 |     2 |     5 |     2 |     2 |     4 |     6 ||    22
  Use: Potion            |     6 |     3 |     8 |     4 |     3 |    11 |     3 |    11 ||    49
       Scroll            |     6 |     3 |    15 |     7 |     4 |    13 |    18 |    11 ||    77
